[Event "XIII Marques de Pombal 2022"]
[Site "Pombal"]
[Date "2022.10.04"]
[Round "1.1"]
[White "Khamrakulov, Ibragim S."]
[Black "Gomes, Micael"]
[Result "1-0"]
[ECO "B10"]
[WhiteElo "2421"]
[BlackElo "1516"]
[Annotator "TA"]
[PlyCount "53"]
[EventDate "2022.09.28"]
[EventType "swiss"]
[EventCountry "POR"]
[SourceTitle "playchess.com"]
[Source "ChessBase"]
[SourceQuality "1"]
[TimeControl "5400+30"]

1. e4 c6 2. c4 d5 3. cxd5 cxd5 4. exd5 Nf6 5. Nc3 Nxd5 6. Bc4 Nf6 7. Nf3 e6 8. d4 Qc7 {[%emt 0:06:51] D26: Queen's Gambit Accepted: 4 e3 e6 5 Bxc5 c5 sidelines.} 9. Qe2 Bb4 10. O-O O-O {[%emt 0:01:06] [#] White is slightly better.} 11. Nb5 $146 ({Predecessor:} 11. Bg5 Nc6 12. Bxf6 gxf6 13. Rac1 Bxc3 14. Rxc3 Qf4 15. Rd1 Kh8 16. d5 Ne5 17. Nxe5 Qxe5 {1-0 (28) Hogar,R (1760)-Bieszk,S (915) LSS email 2016}) 11... Qd8 12. a3 Bd6 13. Bg5 Be7 14. Rfe1 {[%emt 0:26:49] White is much more active.} a6 15. Nc3 b5 16. Ba2 {[%emt 0:00:29] Threatens to win with Rad1.} Bb7 $2 (16... Ra7 $16 {was called for.}) 17. Rad1 $2 (17. d5 $1 $18 ) 17... Nd5 (17... Bxf3 $16 {is tougher.} 18. Qxf3 Ra7) 18. Bxd5 $18 Bxd5 19. Bxe7 Bxf3 20. Qxf3 ({Inferior is} 20. Bxd8 Bxe2 21. Rxe2 Rxd8 $11) 20... Qxe7 21. Qxa8 Qd6 22. d5 {[%emt 0:00:36] [#] Hoping for dxe6.} Qb6 23. Re2 Rd8 24. dxe6 {[%emt 0:00:47] Intending Rxd8+ and mate.} fxe6 25. Rxd8+ Qxd8 26. Rxe6 {[%emt 0:00:13] [#] White wants to mate with Qe4.} h6 27. Qe4 {[%emt 0:00:47] Weighted Error Value: White=0.25 (precise) /Black=1.25} 1-0

[Event "XIII Marques de Pombal 2022"]
[Site "Pombal"]
[Date "2022.10.04"]
[Round "1.2"]
[White "Araujo, Ricardo Franca P D"]
[Black "Padeiro, Jose Joao Tato"]
[Result "0-1"]
[ECO "B10"]
[WhiteElo "1484"]
[BlackElo "2215"]
[Annotator "TA"]
[PlyCount "58"]
[EventDate "2022.09.28"]
[EventType "swiss"]
[EventCountry "POR"]
[SourceTitle "playchess.com"]
[Source "ChessBase"]
[SourceQuality "1"]
[TimeControl "5400+30"]

1. e4 c6 2. Nf3 d5 3. Nc3 dxe4 4. Nxe4 Nf6 5. Nxf6+ exf6 6. Be2 Bd6 7. O-O O-O 8. d4 Re8 9. c3 {[%emt 0:01:46] B15: Caro-Kann: 3 Nc3: 3...g6 and 3...dxe4 4 Nxe4 Nf6 5 Nxf6+ exf6.} Nd7 10. Qc2 Nf8 11. Be3 {[%emt 0:01:52] The position is equal.} Ng6 {[%emt 0:04:38] [#]} 12. Bd3 $146 ({Predecessor:} 12. g3 Bg4 13. Rfe1 h5 14. Nd2 Qd7 15. Bd3 f5 16. f3 Bh3 17. f4 f6 18. Nf3 {0-1 (35) Ozbay,E (2027)-Balajayeva,K (2376) Playchess.com INT 2020}) 12... Bg4 13. Nd2 Bc7 14. Rfe1 Qd6 15. Nf1 Rad8 16. h3 Be6 17. Rad1 b5 (17... Bxa2 $2 18. b3 $18) 18. Ng3 Nh4 (18... Bxa2 $2 19. b3 $18) 19. Qe2 $2 (19. Bxh7+ $11 Kh8 20. Be4) 19... g6 $17 {[%emt 0:04:44] [#] ...Bd5 is the strong threat. Black is more active.} ({Much weaker is} 19... Qd5 $6 20. Be4 Qd7 {[#]} 21. Bxh7+ $1 (21. Qh5 Ng6 $11) 21... Kxh7 22. Qh5+ Kg8 23. Qxh4 $11) 20. f4 $2 (20. c4) 20... Bd5 $19 ({Weaker is} 20... Bxa2 21. Qg4 (21. Ne4 Rxe4 22. Bxe4 f5 $11) 21... Rxe3 22. Rxe3 Qxf4 23. Nf1 $11) 21. Qg4 Nxg2 22. Nf5 Qf8 {[%emt 0:04:13] Threatens to win with ...Kh8.} 23. Re2 Kh8 24. Kh2 (24. Rxg2 $142 gxf5 25. Qxf5) 24... Rxe3 25. Rxg2 Rxd3 26. Qh4 Bxf4+ 27. Qxf4 Rxd1 28. Qh4 Rd6 29. Nxd6 Qxd6+ {[%emt 0:00:07] Weighted Error Value: White=1.13/Black=0.73} 0-1

[Event "XIII Marques de Pombal 2022"]
[Site "Pombal"]
[Date "2022.10.04"]
[Round "1.3"]
[White "Povshednyi, Ivan"]
[Black "Bravo, Ricardo Antonio Rodr"]
[Result "1-0"]
[ECO "A06"]
[WhiteElo "2140"]
[BlackElo "1472"]
[Annotator "TA"]
[PlyCount "67"]
[EventDate "2022.09.28"]
[EventType "swiss"]
[EventCountry "POR"]
[SourceTitle "playchess.com"]
[Source "ChessBase"]
[SourceQuality "1"]
[TimeControl "5400+30"]

1. Nf3 d5 2. g3 Nf6 3. Bg2 e6 4. O-O c5 5. c4 Be7 6. d4 O-O 7. cxd5 Nxd5 8. dxc5 Bxc5 9. a3 Nc6 10. b4 {[%emt 0:00:55] E06: Closed Catalan: Early deviations.} Bd6 11. Bb2 {[%emt 0:00:20] [#]} Qc7 $146 ({Predecessor:} 11... b5 12. Nd4 Nxd4 13. Qxd4 {1-0 (13) Blair,M-Heyboer,P LSS email 2008}) 12. Nbd2 {[%emt 0:00:27] White is better.} a6 13. Nc4 {[%emt 0:00:55] And now e4 would win.} Be7 14. Rc1 Qd8 (14... Rd8 $16) 15. Qb3 $36 {[%emt 0:01:01][%mdl 2048] White is on the roll.} Bd7 {[%emt 0:09:01] [#]} 16. Nfe5 (16. Rfd1 $1 $18) 16... Nxe5 $16 17. Nxe5 Bb5 18. Rfe1 f6 {[%emt 0:03:12] This costs Black the game.} ({Better is} 18... Rc8 $14) 19. Nf3 Be8 (19... Qd7 $142 20. Nd4 Ba4) 20. Red1 $18 {[%emt 0:02:34] Black must now prevent e4.} Qb6 $2 (20... Bd7 21. Nd4 Kh8 22. Nxe6 Bxe6 23. Bxd5 Bxd5 24. Rxd5 Qe8) 21. e4 Nxb4 22. axb4 Qxb4 23. Qxb4 ({Don't take} 23. Qxe6+ Bf7 24. Qd7 Rad8) 23... Bxb4 24. Bh3 e5 25. Rc7 Bc6 $2 (25... Kh8 26. Rxb7 a5) 26. Be6+ Kh8 {[%emt 0:00:12] [#]} 27. Nxe5 $1 Rae8 (27... fxe5 28. Bxe5) 28. Nxc6 Rxe6 29. Nxb4 a5 30. Nd5 {[%emt 0:00:37][%cal Od5f6] White wants to mate with Nxf6!} b5 31. Nf4 {[%emt 0:00:15] White mates.} Rb6 32. Rdd7 Rg8 33. Nd5 Re6 {[%emt 0:00:46] [#]} 34. Nxf6 $1 {[%emt 0:00:33] Weighted Error Value: White=0.23 (precise) /Black=0.69} 1-0

[Event "XIII Marques de Pombal 2022"]
[Site "Pombal"]
[Date "2022.10.05"]
[Round "1.4"]
[White "Correia, Pedro Mourao Soares"]
[Black "Goncalves, Samuel Jesus Pereira"]
[Result "0-1"]
[ECO "B10"]
[WhiteElo "1468"]
[BlackElo "2072"]
[Annotator "TA"]
[PlyCount "66"]
[EventDate "2022.09.28"]
[EventType "swiss"]
[EventCountry "POR"]
[SourceTitle "playchess.com"]
[Source "ChessBase"]
[SourceQuality "1"]
[TimeControl "5400+30"]

1. e4 c6 2. Nf3 d5 3. Nc3 g6 4. exd5 cxd5 5. Bb5+ Bd7 6. Qe2 {[%emt 0:01:09] B11: Caro-Kann: Two Knights Variation.} Nf6 7. O-O a6 8. Bxd7+ {[%emt 0:00:16] The position is equal.} Nbxd7 9. d4 Bg7 10. Re1 e6 11. Bg5 O-O {[%emt 0:00:46] [#]} 12. a4 $146 ({Predecessor:} 12. Ne5 Qc7 13. Qf3 Nxe5 14. dxe5 Nd7 15. Bf4 Nxe5 16. Qg3 f6 17. Nd1 Rac8 18. Ne3 {0-1 (44) Schoene,S-Lodes,H (2129) Forchheim 2011}) 12... Qc7 13. a5 Rfc8 14. Qd3 Qc4 15. Ra4 Qc6 16. Rb4 Ne8 17. Bf4 Bf8 18. Rb3 Bd6 19. Qd2 Qc7 20. Ne5 Bxe5 (20... Rab8 {feels hotter.} 21. Nd1 Nxe5 22. dxe5 Be7) 21. Bxe5 (21. dxe5 $11 Qxa5 22. Rxb7) 21... Nxe5 $15 22. dxe5 Qxa5 23. Rxb7 Rab8 24. Rxb8 Rxb8 25. Rb1 Ng7 (25... Qc7 $17 26. f4 Qc5+ 27. Kh1 Rc8) 26. g4 (26. Ne4 $1 $11 Qxd2 27. Nxd2) 26... Qb4 27. Qe2 h5 $36 {[%emt 0:00:29][%cal Bh7h5,Bh5g4][%mdl 2080] Black fights for an advantage.} 28. h3 Rc8 {[%emt 0:01:35][%cal Bb8c8,Bc8c3,Bc3h3][%mdl 32] [#] White must now prevent ...Rxc3.} 29. Qf1 $2 {[%emt 0:00:47][%mdl 8192] This move loses the game for White.} (29. Nd1 $11 {and White is okay.}) 29... hxg4 $19 30. Qxa6 Rxc3 31. Qa8+ Kh7 32. Ra1 Rxh3 {[%emt 0:00:39] [#] ( -> ...Qe4)} 33. Qa7 Qe4 {[%emt 0:00:17] Weighted Error Value: White=0.99/Black=0.09 (flawless)} 0-1

[Event "XIII Marques de Pombal 2022"]
[Site "Pombal"]
[Date "2022.10.05"]
[Round "1.5"]
[White "Gori, Andrea"]
[Black "Paiva, Manuel Maria Fonseca"]
[Result "1-0"]
[ECO "B52"]
[WhiteElo "1982"]
[BlackElo "1451"]
[Annotator "TA"]
[PlyCount "119"]
[EventDate "2022.09.28"]
[EventType "swiss"]
[EventCountry "POR"]
[SourceTitle "playchess.com"]
[Source "ChessBase"]
[SourceQuality "1"]
[TimeControl "5400+30"]

1. e4 c5 2. Nf3 d6 3. Bb5+ Bd7 4. a4 Nf6 5. d3 Nc6 6. O-O g6 {B52: Sicilian: Moscow Variation with 3...Bd7.} 7. Bg5 Bg7 8. Bxc6 Bxc6 {[#] The position is equal.} 9. c4 $146 ({Predecessor:} 9. Nc3 O-O 10. Qe2 Qc7 11. Rfe1 Rfe8 12. Red1 a6 13. Qd2 Rac8 14. Bh6 Bh8 15. Qg5 {0-1 (44) Comp Novag Diablo-Van der Giessen,A (2045) The Hague 1992}) 9... O-O 10. Qd2 Nd7 11. Nc3 Ne5 12. Ne1 f5 (12... Qd7 $5 ) 13. Nd5 $1 Bxd5 14. exd5 Qd7 15. f4 Nf7 16. Nf3 Rae8 17. Ra2 (17. Rae1 $11) 17... e6 18. dxe6 Rxe6 19. Bh4 Rfe8 20. Re1 {Against Re2} d5 {Threatens to win with ...dxc4.} 21. b3 dxc4 (21... Nd8 {feels hotter.} 22. Rxe6 Nxe6 23. Bf2 a6) 22. dxc4 Rxe1+ 23. Nxe1 (23. Bxe1 $15 Qc6 24. Qd1) 23... Qxd2 ({Black should try} 23... Bd4+ $17 24. Bf2 Nd6 25. Bxd4 Ne4) 24. Rxd2 $11 Bc3 25. Rd1 Bxe1 26. Rxe1 Rxe1+ 27. Bxe1 {[%mdl 4096] Endgame KB-KN} Nd8 28. b4 Ne6 29. g3 Kf7 30. Kf2 Ke7 31. Ke3 Kd6 32. b5 Nd4 33. Bc3 Ne6 34. Be5+ Kd7 35. Kd3 Nf8 36. Bg7 Ne6 37. Be5 Ke7 38. Ke3 Nf8 39. Bc3 Nd7 40. Kd3 Kd6 41. Bg7 Kc7 42. a5 a6 43. Kc3 Kd6 44. Kd3 axb5 $2 (44... Kc7 $11 {and Black is okay.}) 45. cxb5 $18 {Strongly threatening Kc4.} Kd5 {[#]} 46. h3 $2 ({White has to play} 46. Kc3 $1 $18) 46... c4+ $1 $11 47. Kc3 {And now a6 would win.} Nc5 {Against a6} 48. g4 Nd3 $2 (48... Ne4+ $11 {and Black has nothing to worry.} 49. Kb4 Nc5) 49. gxf5 gxf5 50. Be5 $2 {[#]} ({White must play} 50. a6 $18 bxa6 51. bxa6) 50... Nc5 51. Bg7 h5 52. Bh8 Nd3 53. a6 bxa6 54. bxa6 Kc6 55. Be5 Kb6 $2 (55... h4 $11) 56. Kxc4 $18 {White is clearly winning.} Ne1 57. Kd5 Kxa6 58. Ke6 Kb5 59. Kxf5 Kc5 60. Ke6 {Weighted Error Value: White=0.33/Black=0.31} 1-0

[Event "XIII Marques de Pombal 2022"]
[Site "Pombal"]
[Date "2022.10.04"]
[Round "1.6"]
[White "Santos, Amadeu Solha"]
[Black "Peixoto, Helio Ricardo Soutin"]
[Result "0-1"]
[ECO "A45"]
[WhiteElo "1422"]
[BlackElo "1969"]
[Annotator "TA"]
[PlyCount "66"]
[EventDate "2022.09.28"]
[EventType "swiss"]
[EventCountry "POR"]
[SourceTitle "playchess.com"]
[Source "ChessBase"]
[SourceQuality "1"]
[TimeControl "5400+30"]

1. d4 Nf6 2. Bf4 g6 3. e3 Bg7 4. Nc3 d6 5. Bb5+ c6 6. Ba4 {[%emt 0:00:17] [#] A45: Trompowsky Attack.} Nh5 $146 (6... a5 $15 7. Bb3 b5) ({Predecessor:} 6... O-O 7. Nf3 Qa5 8. Nd2 b5 9. Bb3 Qb6 10. Qf3 Bb7 11. h3 Nbd7 12. O-O c5 13. a3 Bxf3 {0-1 (13) Weise,C-Koptschok,M freechess.de 2017}) 7. Bg3 (7. Bg5 $11 {keeps the balance.}) 7... Nxg3 $17 8. hxg3 {[%emt 0:00:10] Black is better.} a5 (8... O-O {looks sharper.} 9. Bb3 Nd7 10. a3 a5) 9. a3 Nd7 (9... O-O {with more complications.} 10. Bb3 Nd7 11. Nf3 b5) 10. Nf3 Nf6 11. d5 ({White should play} 11. e4 $15) 11... Bd7 12. dxc6 bxc6 13. b4 $2 (13. e4 $17) 13... O-O $19 14. Rb1 axb4 15. axb4 Ng4 16. Nd4 c5 $36 {[%emt 0:09:01][%mdl 2048] Black is on the roll.} 17. Bxd7 Qxd7 18. bxc5 dxc5 19. Nde2 (19. Ndb5 $17 {is the only way for White.} Qf5 20. Qe2) 19... Qf5 20. Rf1 (20. f3 $142 Nxe3 21. Qd2 Nxc2+ 22. Kf2) 20... Rfd8 21. Qc1 Qe6 {[%emt 0:10:10] [#] aiming for ...Bxc3+.} 22. Rb3 Qc4 $2 (22... Qd6 $19 {[%cal Oa8a1] has better winning chances. Hoping for ...Ra1!} 23. Rb1 Bxc3+ 24. Nxc3 Qe5) 23. f3 $17 Ne5 {[%emt 0:01:12] Black is much more active.} 24. Qb2 (24. Ra3 $17) 24... Nc6 $19 25. Ra3 (25. Qc1 $142) 25... Rab8 (25... Rxa3 $142 26. Qxa3 Nb4) 26. Qa2 Qxa2 27. Nxa2 Rb2 28. Ra6 (28. Kf2 {is a better defense.}) 28... Nb8 $2 (28... Ne5 $19 {and Black stays clearly on top.} 29. Kf2 Rxc2) 29. Ra5 (29. Ra8 $17) 29... Rxc2 {[%emt 0:00:16] [#] Threatens to win with ...Nc6.} 30. Nac1 $2 (30. Ra8) 30... Bc3+ {[%emt 0:01:35] Black is clearly winning.} 31. Nxc3 Rxc1+ ({Avoid the trap} 31... Rxc3 $2 32. Ne2 Rc2 33. Ra8 $17) 32. Kf2 Rxc3 33. Rb1 Nc6 {[%emt 0:00:25] Weighted Error Value: White=0.98/Black=0.53} 0-1

[Event "XIII Marques de Pombal 2022"]
[Site "Pombal"]
[Date "2022.10.05"]
[Round "1.7"]
[White "Almeida, Joao Pedro Dias"]
[Black "Nogueira, Rafael Calade"]
[Result "1-0"]
[ECO "A30"]
[WhiteElo "1901"]
[BlackElo "1418"]
[Annotator "TA"]
[PlyCount "77"]
[EventDate "2022.09.28"]
[EventType "swiss"]
[EventCountry "POR"]
[SourceTitle "playchess.com"]
[Source "ChessBase"]
[SourceQuality "1"]
[TimeControl "5400+30"]

1. c4 c5 2. g3 Nf6 3. Bg2 Nc6 4. Nc3 e6 5. d3 d5 6. Bg5 {[%emt 0:06:23] A36: Symmetrical English vs ...g6: 4 Bg2 Bg7.} d4 7. Ne4 Qa5+ 8. Bd2 {[%emt 0:03:24] The position is equal.} Qd8 {[%emt 0:02:17] [#]} 9. h4 $146 ({Predecessor:} 9. Nxf6+ Qxf6 10. Nf3 Bd6 11. O-O O-O 12. Ng5 Qd8 13. e4 f6 14. Nh3 e5 15. f4 {1-0 (43) Karlsson,L (2531)-Schneider,L (2338) Sweden 2006}) 9... Nxe4 10. Bxe4 Qc7 11. Nh3 b6 12. Qa4 Bd7 13. Qc2 Bd6 14. Nf4 Rb8 15. h5 Ne7 16. Rb1 Bc6 17. b4 Kd7 (17... cxb4 $15 18. h6 g6 19. Bxb4 Bxb4+ 20. Rxb4 e5) 18. b5 Bb7 19. a4 (19. h6 $11) 19... f5 ({Black should play} 19... g5 $1 $17 20. Ng2 f5 21. Bxb7 Qxb7) 20. Bf3 {[%emt 0:01:22] [#]} (20. Bxb7 $11 {keeps the balance.} Qxb7 21. f3) 20... Bxf3 (20... g5 $1 $17 21. Ng2 {[#]} (21. hxg6 hxg6 22. Rf1 Bxf3 $19) 21... Bxg3 $1 22. Bxg5 Rhg8) 21. exf3 $11 Qb7 (21... e5 $5 22. Ng2 f4 $15) 22. Qd1 e5 23. Nh3 (23. Ng2 $11) 23... Rbe8 ({Black should try} 23... h6 $15) 24. O-O g6 ({Better is} 24... h6) 25. h6 Qc7 (25... f4 $11) 26. Bg5 e4 $2 {[%emt 0:02:45] Loses the game.} (26... Rhf8 $16 {was necessary.}) 27. fxe4 $18 Bxg3 $2 (27... Rhf8 28. a5 bxa5) 28. f4 fxe4 29. dxe4 Qb7 30. Qg4+ Kc7 31. Qxg3 Qxe4 32. Bxe7 Qxe7 33. Rbe1 Qf7 34. f5+ Kc8 35. fxg6 Qxc4 36. Rxe8+ Rxe8 37. Qg4+ (37. g7 $142 Qg8 38. Qd6 d3 39. Rf8 Rxf8 40. Qxf8+ Qxf8 41. gxf8=Q+ Kd7 42. Qf5+ Kd6 43. Nf4) 37... Kb8 38. g7 Qxa4 39. g8=Q {[%emt 0:00:11] Weighted Error Value: White=0.18 (very precise) /Black=0.77} 1-0

[Event "XIII Marques de Pombal 2022"]
[Site "Pombal"]
[Date "2022.10.05"]
[Round "1.8"]
[White "Dias, Jose de Oliveira Gas"]
[Black "Farias, David Nuno Moita Est"]
[Result "0-1"]
[ECO "B50"]
[WhiteElo "1397"]
[BlackElo "1863"]
[Annotator "NA RC COMBH"]
[PlyCount "64"]
[EventDate "2022.09.28"]
[EventType "swiss"]
[EventCountry "POR"]
[SourceTitle "playchess.com"]
[Source "ChessBase"]
[SourceQuality "1"]
[TimeControl "5400+30"]

1. e4 c5 2. Nf3 d6 3. Bc4 e6 4. O-O Nf6 5. e5 dxe5 6. Nxe5 a6 7. a4 Bd6 8. Qe2 O-O 9. c3 Qc7 10. d4 {[#]} b6 (10... cxd4 $1 $17 11. cxd4 Nc6 12. Nxc6 bxc6) 11. Na3 (11. dxc5 $11 {is more appropriate.} Qxc5 12. Nf3) 11... Bb7 12. Bf4 Nc6 13. Rad1 (13. Rfd1 $142 $1) 13... Nd5 (13... cxd4 $15 14. cxd4 Rfc8) 14. Bg3 $1 Nxe5 (14... Nce7 {deserves consideration.}) 15. dxe5 Be7 16. h4 (16. Bb3 $11) 16... Qc6 $1 17. Bxd5 (17. Qf3 $15) 17... exd5 18. Qg4 ({Better is} 18. Nc2 $15) 18... Rad8 19. f3 Bc8 (19... f5 $142 20. Qf4 h6) 20. Qf4 d4 (20... h6 $17 21. Nc2 f6) 21. cxd4 cxd4 ({Don't take} 21... Qxa4 22. d5 Qxf4 23. Bxf4 $11) 22. Rc1 (22. Bf2 $15) 22... Qxa4 23. Nc4 Bc5 24. Kh1 d3 25. Ra1 (25. Nd6 $17 Qxf4 26. Bxf4) 25... Qb4 26. Nd2 (26. Nd6 $17 {was necessary.}) 26... Rd4 27. Ne4 Bb7 28. Rae1 $2 (28. Bf2) 28... d2 29. Rd1 Bxe4 30. fxe4 Rxe4 31. Qxd2 Rxh4+ 32. Bh2 {[#]} Rxh2+ $1 0-1

[Event "XIII Marques de Pombal 2022"]
[Site "Pombal"]
[Date "2022.10.05"]
[Round "2.1"]
[White "Silva, Reinaldo David Batis"]
[Black "Khamrakulov, Ibragim S."]
[Result "0-1"]
[ECO "A04"]
[WhiteElo "1775"]
[BlackElo "2421"]
[Annotator "TA"]
[PlyCount "58"]
[EventDate "2022.09.28"]
[EventType "swiss"]
[EventCountry "POR"]
[SourceTitle "playchess.com"]
[Source "ChessBase"]
[SourceQuality "1"]
[TimeControl "5400+30"]

1. Nf3 c5 2. e3 g6 3. c4 Nf6 4. b3 Bg7 5. Bb2 O-O 6. d4 d5 {[%emt 0:10:03] A30: Symmetrical English: Double Fianchetto and Hedgehog.} 7. Be2 Qa5+ {[%emt 0:10:27] [#]} 8. Bc3 $146 ({Predecessor:} 8. Qd2 Qxd2+ 9. Nbxd2 cxd4 10. Nxd4 Nc6 11. O-O Rd8 12. Rfd1 Nxd4 13. Bxd4 Be6 14. Rac1 dxc4 15. Nxc4 {½-½ (49) Schindler,C (2219)-Vlckova,K (1954) Germany 2017}) 8... Qc7 {[%emt 0:00:20] The position is equal.} 9. O-O Rd8 10. Qc1 dxc4 11. Bxc4 Ne4 12. Bb2 ({Much weaker is} 12. Nbd2 Nxc3 13. Qxc3 Nc6 $15) 12... Nc6 13. Nc3 Nxc3 14. Bxc3 cxd4 15. Nxd4 Ne5 16. Nb5 Qc6 17. Nd4 Qc5 18. Be2 Bg4 19. Bxg4 Nxg4 20. h3 Rac8 21. hxg4 {[%emt 0:00:46] [#] Black must now prevent Bb2.} Qxc3 22. Qa3 e5 23. Rac1 $2 {[%emt 0:02:17][%mdl 8192] White does not recover from this.} (23. Ne2 $11 {and White is okay.} Qd2 24. Ng3) 23... exd4 $19 24. Rxc3 dxc3 25. Kh2 c2 {[%emt 0:01:16] [#] Hoping for ...Rd1.} 26. Rc1 (26. Qc1 $142 Bc3 27. Kg3) 26... Rd1 27. Rxc2 Rxc2 28. Qxa7 Rxf2 {[%emt 0:00:19] ( -> ...Be5+)} 29. a4 Be5+ {[%emt 0:00:17] Weighted Error Value: White=0.95/Black=0.05 (flawless)} 0-1

[Event "XIII Marques de Pombal 2022"]
[Site "Pombal"]
[Date "2022.10.05"]
[Round "2.2"]
[White "Padeiro, Jose Joao Tato"]
[Black "Santos, Julio Fernandes dos"]
[Result "1-0"]
[ECO "A06"]
[WhiteElo "2215"]
[BlackElo "1760"]
[Annotator "TA"]
[PlyCount "65"]
[EventDate "2022.09.28"]
[EventType "swiss"]
[EventCountry "POR"]
[SourceTitle "playchess.com"]
[Source "ChessBase"]
[SourceQuality "1"]
[TimeControl "5400+30"]

1. Nf3 d5 2. c4 e6 3. b3 Nf6 4. Bb2 Be7 5. e3 b6 6. Nc3 {[%emt 0:00:11] A13: English Opening: 1...e6.} Bb7 7. Qc2 Nbd7 8. Be2 {[%emt 0:02:51] [#] The position is equal.} h6 $146 ({Predecessor:} 8... a6 9. Rc1 O-O 10. O-O c5 11. cxd5 exd5 12. d4 Bd6 13. Rfd1 Qe7 14. Qf5 Rfe8 {1-0 (81) Vinter Schou,U (2316)-Nielsen,V (2319) Kolding 2022}) 9. O-O O-O 10. Rac1 Re8 11. Rfd1 a5 12. cxd5 exd5 13. d4 c6 14. Ne5 Bd6 15. f4 Nf8 (15... b5 $11) 16. Bf3 Qe7 17. Na4 Bxe5 (17... N8d7 $11 {remains equal.}) 18. fxe5 N6d7 19. e4 {[%emt 0:00:41] White is more active.} Rac8 {[%emt 0:03:26] [#]} (19... dxe4 $16 20. Bxe4 Rac8) 20. exd5 $1 $18 cxd5 21. Nc3 Ne6 22. Qf2 Nc7 23. Bg4 {[%emt 0:01:36][%cal Ob2a3] This bishop pair is nice.} Ne6 (23... b5 $16) 24. Nb5 Rxc1 25. Bxc1 ({Don't do} 25. Rxc1 $6 Rd8 26. h4 Ba6 $18) 25... Rc8 26. Nd6 Rc7 27. Ba3 Rc6 28. Bf3 ({Don't play} 28. Nxb7 $6 Qxa3 29. Rf1 (29. Bxe6 fxe6 30. Nd8 Rc1 $11) 29... Qe7 $18) 28... Nc7 (28... Rxd6 {was necessary.} 29. Bxd6 Qe8) 29. Qg3 {[%emt 0:01:49] [#] aiming for Rf1. White is clearly winning.} Ne8 (29... Kh7 $142 30. h4 f6) 30. Bxd5 Nxd6 31. exd6 Qf6 32. Qf3 {[%emt 0:01:28] Prevents Rc3.} Qxf3 33. Bxf3 {[%emt 0:00:29] Weighted Error Value: White=0.14 (very precise) /Black=0.48} 1-0

[Event "XIII Marques de Pombal 2022"]
[Site "Pombal"]
[Date "2022.10.05"]
[Round "2.3"]
[White "Moldovan, Lucas Gabriel"]
[Black "Povshednyi, Ivan"]
[Result "0-1"]
[ECO "B25"]
[WhiteElo "1712"]
[BlackElo "2140"]
[Annotator "TA"]
[PlyCount "50"]
[EventDate "2022.09.28"]
[EventType "swiss"]
[EventCountry "POR"]
[SourceTitle "playchess.com"]
[Source "ChessBase"]
[SourceQuality "1"]
[TimeControl "5400+30"]

1. e4 c5 2. Nc3 Nc6 3. g3 g6 4. Bg2 Bg7 5. d3 d6 6. Nh3 Rb8 7. O-O {[%emt 0:09:07] B25: Closed Sicilian: 3 g3, lines without early Be3.} Nf6 8. Ne2 {[%emt 0:08:57] [#]} O-O $146 ({Predecessor:} 8... Bg4 9. f3 Bd7 10. c3 b5 11. Ng5 Qc8 12. f4 b4 13. c4 h6 14. Nf3 Bh3 15. Qa4 {½-½ (59) Fiedler,J-Meier,N Weiler 1993}) 9. f4 {[%emt 0:05:17] The position is equal.} Bd7 10. c3 Qc8 11. Nf2 Ng4 12. Bd2 b5 13. Rb1 b4 14. Nxg4 Bxg4 15. Bf3 Bxf3 16. Rxf3 Qb7 17. cxb4 Nxb4 18. a3 Nc6 {[%emt 0:00:21] Black is more active.} 19. b4 ({White should try} 19. Bc3 $15) 19... cxb4 $17 20. Bxb4 {[%emt 0:00:40][%mdl 8192] [#] This costs White the game.} (20. axb4 $17 a5 21. b5) 20... a5 $19 {[%emt 0:00:29] Black is clearly winning.} 21. Rf1 axb4 22. axb4 Nd4 23. Nxd4 Qb6 24. b5 Qxd4+ ({But not} 24... Bxd4+ $2 25. Kg2 $19) 25. Kg2 Rfc8 {[%emt 0:00:49] Weighted Error Value: White=0.48/Black=0.15 (very precise)} 0-1